[Event "45th FIDE Olympiad 2024"]
[Site "Budapest"]
[Date "2024.09.19"]
[Round "8.21"]
[White "Le, Quang Liem"]
[Black "Carlsen, Magnus"]
[Result "0-1"]
[ECO "D63"]
[WhiteElo "2741"]
[BlackElo "2832"]
[Annotator "TA"]
[PlyCount "90"]
[EventDate "2024.09.05"]
[EventType "team-tourn"]
[EventCountry "HUN"]
[SourceTitle "playchess.com"]
[Source "ChessBase"]
[SourceQuality "1"]
[WhiteTeam "Vietnam"]
[BlackTeam "Norway"]
[WhiteTeamCountry "VIE"]
[BlackTeamCountry "NOR"]
[TimeControl "40/5400+30:1800+30"]

1. d4 Nf6 2. c4 e6 3. Nf3 d5 4. Nc3 c6 5. Bg5 Nbd7 6. e3 h6 7. Bh4 Be7 8. Rc1 O-O 9. a3 a6 10. cxd5 exd5 11. Qc2 Ne8 12. Bg3 {[%emt 0:02:20] The position is equal.} Bd6 13. Bd3 Bxg3 14. hxg3 Ndf6 {[%emt 0:00:09] Against g4} 15. Ne5 Nd6 16. f3 Re8 17. Ne2 Nd7 18. Rh5 f6 $1 19. Nxd7 Bxd7 20. Kf2 f5 21. Re1 {[%emt 0:05:41] [#]} (21. Nf4 $11) 21... Rxe3 $1 22. Kxe3 Qe8+ 23. Kf2 Qxh5 24. Qc5 Qg6 25. Qb6 Qf6 26. Qc7 Be8 27. Nf4 Rc8 (27... Qxd4+ $6 28. Kf1 g5 29. Qxd6 gxf4 30. Bxf5 fxg3 31. Qxg3+ Qg7 32. Qh4 $11) ({Better is} 27... Bf7 $17 28. Re5 a5) 28. Qxc8 $4 {[%emt 0:03:28][%mdl 8192] White does not recover from this.} Nxc8 $19 (28... Qxd4+ 29. Kf1 Nxc8 30. Rxe8+ Kf7 31. Rxc8 $19) 29. Rxe8+ Kf7 30. Rxc8 {[%emt 0:00:08] Hoping for Ne2.} Qxd4+ 31. Kf1 g5 32. Rf8+ Ke7 $1 (32... Kxf8 $2 {too greedy.} 33. Ne6+ Kf7 34. Nxd4 $18) 33. Ng6+ Kd6 34. Bxf5 Qxb2 35. f4 Qxa3 36. Kf2 a5 {[%emt 0:01:17] Black is clearly winning.} 37. Ne5 a4 38. Rf7 Qb2+ 39. Kf1 {[%emt 0:02:34] aiming for Rd7+.} Qb5+ 40. Bd3 Qb3 {[%emt 0:00:33] And now ...a3 would win.} 41. Bf5 a3 42. Nd3 {[%emt 0:00:23] [#]} Qxd3+ $3 43. Bxd3 a2 44. Rxb7 a1=Q+ (44... a1=B $2 {loses.} 45. Rh7 $18) 45. Ke2 Qg1 {[%emt 0:00:17] Weighted Error Value: White=0.50/Black=0.05 (flawless) .  Loses game:     	White=1     	---        Mistake:       	White=1     	Black=1      Inaccurate:     	White=1     	---        OK:         	White=11    	Black=13     Best:        	White=2     	Black=8      Strong:       	---       	Black=2} 0-1

[Event "45th FIDE Olympiad 2024"]
[Site "Budapest"]
[Date "2024.09.19"]
[Round "8.21"]
[White "Andrade, Ivan"]
[Black "Stratonowitsch, Andre"]
[Result "0-1"]
[WhiteElo "2132"]
[BlackElo "2154"]
[PlyCount "88"]
[EventDate "2024.09.05"]
[EventType "team-tourn"]
[EventCountry "HUN"]
[WhiteTeam "Mozambique"]
[BlackTeam "Seychelles"]
[WhiteTeamCountry "MOZ"]
[BlackTeamCountry "SEY"]
[TimeControl "40/5400+30:1800+30"]

1. e4 c5 2. Nf3 e6 3. d4 cxd4 4. Nxd4 Nc6 5. Nc3 Qc7 6. Be3 a6 7. Qf3 Nf6 8. O-O-O Be7 9. h3 Rb8 10. g4 h6 11. Kb1 b5 12. Nxc6 Qxc6 13. Bd3 Bb7 14. Qg3 d6 15. f3 Rc8 16. Rhe1 Nd7 17. Qf2 Ne5 18. Qe2 Kf8 19. a3 Bf6 20. Na2 Qc7 21. f4 Nd7 22. Qf2 Nc5 23. Bd4 Qe7 24. Re2 e5 25. Bxc5 dxc5 26. fxe5 Qxe5 27. c4 Rd8 28. Nc3 bxc4 29. Bxc4 Rxd1+ 30. Nxd1 Qd4 31. Qxd4 Bxd4 32. Bd5 Bc8 33. b4 h5 34. g5 Bxh3 35. Nf2 Be6 36. bxc5 h4 37. Bxe6 fxe6 38. Rd2 e5 39. Nh3 Ke7 40. c6 Rc8 41. Rg2 Rxc6 42. Rg4 Rc3 43. Rxh4 Rxa3 44. Rh8 Kf7 {0-} 0-1

[Event "45th FIDE Olympiad 2024"]
[Site "Budapest"]
[Date "2024.09.19"]
[Round "8.22"]
[White "Christiansen, Johan-Sebastian"]
[Black "Nguyen, Ngoc Truong Son"]
[Result "1/2-1/2"]
[ECO "C60"]
[WhiteElo "2661"]
[BlackElo "2633"]
[Annotator "TA"]
[PlyCount "110"]
[EventDate "2024.09.05"]
[EventType "team-tourn"]
[EventCountry "HUN"]
[SourceTitle "playchess.com"]
[Source "ChessBase"]
[SourceQuality "1"]
[WhiteTeam "Norway"]
[BlackTeam "Vietnam"]
[WhiteTeamCountry "NOR"]
[BlackTeamCountry "VIE"]
[TimeControl "40/5400+30:1800+30"]

1. e4 e5 2. Nf3 Nc6 3. Bb5 Nge7 4. c3 d5 5. Nxe5 dxe4 6. d4 (6. Qe2 $14) 6... exd3 $11 7. Qf3 (7. Nxc6 {simplifies} Nxc6 8. Bxd3 Bg4 9. Qc2) 7... Be6 8. O-O Qd5 9. Qxd5 Bxd5 10. Nxc6 Bxc6 (10... Nxc6 {with more complications.} 11. Re1+ Be7 12. Bf4 a6) 11. Bxd3 O-O-O 12. Bc4 Nd5 13. Be2 Bd6 14. Bf3 Rhe8 15. Nd2 Bf8 16. g3 f5 17. Nb3 Nb4 18. Bxc6 Nxc6 19. Bg5 Be7 20. Bxe7 Rxe7 21. Rfe1 Ne5 {[%emt 0:02:12] [#] Hoping for ...Nf3+.} 22. Kf1 Rde8 23. Nd4 g6 24. Rad1 a6 25. Nc2 Nf3 26. Rxe7 Rxe7 {[%emt 0:00:07][%mdl 4096] Endgame. KRN-KRN} 27. h3 Ng5 28. h4 Ne4 29. Kg2 Re6 {[%emt 0:06:56] ...Rb6 is the strong threat.} 30. Ne3 Nf6 31. Kf3 c6 32. Rd2 Kc7 33. Nc2 Ng4 34. Ne3 Ne5+ 35. Kg2 b5 36. h5 a5 37. hxg6 hxg6 38. Kf1 Nf3 39. Rd3 Ng5 40. Ng2 Ne4 41. Ne3 a4 42. a3 Nd6 43. Rd4 c5 44. Rh4 {[%emt 0:00:23] The position is equal.} Kc6 45. Rh8 Ne4 46. Ke2 Rd6 {[%emt 0:00:11] [#] White must now prevent ...Rd2+.} 47. Ke1 Re6 48. Ke2 Rd6 {[%emt 0:03:41] And now ...Rd2+ would win.} 49. Ke1 Nd2 50. Rc8+ Kb6 51. Rb8+ Ka6 52. Rh8 Kb7 53. Rh6 Ne4 54. Rh7+ Kc6 55. Rh8 Re6 {[%emt 0:03:04] Weighted Error Value: White=0.04 (flawless) /Black=0.02 (flawless) .  Inaccurate:     	White=1     	Black=1      OK:         	White=23    	Black=20     Best:        	White=2     	Black=1} 1/2-1/2

[Event "45th FIDE Olympiad 2024"]
[Site "Budapest"]
[Date "2024.09.19"]
[Round "8.22"]
[White "Meier, Peter"]
[Black "Jamal, Hamid Harmon Gulamo"]
[Result "0-1"]
[WhiteElo "2062"]
[BlackElo "1960"]
[PlyCount "96"]
[EventDate "2024.09.05"]
[EventType "team-tourn"]
[EventCountry "HUN"]
[WhiteTeam "Seychelles"]
[BlackTeam "Mozambique"]
[WhiteTeamCountry "SEY"]
[BlackTeamCountry "MOZ"]
[TimeControl "40/5400+30:1800+30"]

1. d4 Nf6 2. Nf3 g6 3. g3 Bg7 4. Bg2 O-O 5. O-O d6 6. c4 c6 7. Nc3 Bf5 8. Ne1 Qc8 9. e4 Be6 10. b3 Bh3 11. Bb2 Qe6 12. Nd3 Bxg2 13. Nf4 Qc8 14. Kxg2 Nbd7 15. Re1 Qc7 16. Nd3 Rad8 17. Qe2 e5 18. dxe5 dxe5 19. Rad1 h6 20. h3 Nh7 21. Ba3 Rfe8 22. b4 Ng5 23. c5 Ne6 24. Qb2 Ndf8 25. Ne2 Rd7 26. Qb3 Red8 27. Nb2 b5 28. cxb6 axb6 29. Nc4 Nd4 30. Nxd4 exd4 31. Rd3 Ne6 32. f4 h5 33. Bc1 b5 34. Na3 c5 35. Nxb5 Qb7 36. a4 cxb4 37. Qxb4 Bf8 38. Qb2 Nc5 39. Rxd4 Nd3 40. Rxd3 Rxd3 41. Re2 Bg7 42. Qc2 h4 43. Re3 Rd1 44. Nc3 Bxc3 45. Rxc3 R1d3 46. Qxd3 Rxd3 47. Rxd3 Qxe4+ 48. Rf3 Qc2+ {0-} 0-1

[Event "45th FIDE Olympiad 2024"]
[Site "Budapest"]
[Date "2024.09.19"]
[Round "8.23"]
[White "Le, Tuan Minh"]
[Black "Tari, Aryan"]
[Result "1-0"]
[ECO "D78"]
[WhiteElo "2564"]
[BlackElo "2642"]
[Annotator "TA"]
[PlyCount "81"]
[EventDate "2024.09.05"]
[EventType "team-tourn"]
[EventCountry "HUN"]
[SourceTitle "playchess.com"]
[Source "ChessBase"]
[SourceQuality "1"]
[WhiteTeam "Vietnam"]
[BlackTeam "Norway"]
[WhiteTeamCountry "VIE"]
[BlackTeamCountry "NOR"]
[TimeControl "40/5400+30:1800+30"]

1. d4 Nf6 2. c4 g6 3. Nf3 Bg7 4. g3 c6 5. Bg2 d5 6. Nbd2 O-O 7. O-O Bf5 8. b3 a5 9. Bb2 a4 10. e3 Qa5 11. Ba3 Re8 {[%emt 0:05:45] The position is equal.} 12. Qe2 Ne4 13. Nxe4 Bxe4 14. Rfc1 dxc4 15. bxc4 Nd7 16. Bb2 Rad8 17. Bc3 Qc7 18. Qd1 b5 19. Bf1 Rb8 {[%emt 0:03:58] White now steadily converts the win.} (19... b4 $11 {keeps the balance.} 20. Ng5 (20. Bxb4 e5 $11) 20... Bf5 21. Bxb4 c5) 20. Ng5 $16 {[%emt 0:02:49] cxb5 is the strong threat.} Nf6 21. Nxe4 Nxe4 22. cxb5 cxb5 23. Bb4 Qd8 24. Qf3 Nd6 ({Black should try} 24... f5) 25. Rab1 {[%emt 0:00:35] White has more active pieces.} Qd7 26. Qd5 Bf8 27. Bxd6 {[%emt 0:01:39] This pair of bishops is nice.} b4 {[%emt 0:00:05] [#]} 28. Rc6 $1 {[%emt 0:07:53][%cal Of1h3] Strongly threatening Bh3!} exd6 (28... Red8 29. Bb5) 29. Bb5 b3 30. axb3 (30. Bxa4 {simplifies} bxa2 31. Qxa2 Rxb1+ 32. Qxb1 Ra8 33. Qc2) 30... a3 (30... axb3 $16 {might work better.} 31. Rxb3 Red8) 31. Ra1 $18 Qe6 32. Bc4 Qxd5 33. Bxd5 Rb5 34. e4 $36 {[%emt 0:00:38][%mdl 2048] Keeping Black busy.} Ra5 (34... Bg7 {was worth a try.} 35. Rxa3 (35. Rxd6 Bxd4 36. Rxa3 Bc5 $18) 35... Bxd4) 35. Rc7 Re7 (35... Rb8 36. Bxf7+ (36. Rxf7 Rxd5 37. Rxf8+ Kxf8 $17) 36... Kh8) 36. Rc8 Rea7 {[%emt 0:02:37] [#]} 37. Rb8 {[%emt 0:00:15] Inhibits Rb5.} a2 (37... Kg7 $142 38. b4 Rxd5 39. exd5 Be7) 38. b4 {[%emt 0:00:10][%cal Bb3b4,Bb4b5,Bb5b6,Bb6b7][%mdl 32] White is clearly winning.} Ra4 39. b5 Kg7 40. b6 R7a5 41. b7 {[%emt 0:30:25] Weighted Error Value: White=0.09 (flawless) /Black=0.34.  Mistake:       	---       	Black=6      Inaccurate:     	White=1     	Black=2      OK:         	White=13    	Black=8      Best:        	White=1     	Black=2} 1-0

[Event "45th FIDE Olympiad 2024"]
[Site "Budapest"]
[Date "2024.09.19"]
[Round "8.23"]
[White "Napoleao, Lourenco"]
[Black "Bonne, Robin"]
[Result "1-0"]
[WhiteElo "1913"]
[BlackElo "1707"]
[PlyCount "65"]
[EventDate "2024.09.05"]
[EventType "team-tourn"]
[EventCountry "HUN"]
[WhiteTeam "Mozambique"]
[BlackTeam "Seychelles"]
[WhiteTeamCountry "MOZ"]
[BlackTeamCountry "SEY"]
[TimeControl "40/5400+30:1800+30"]

1. d4 d5 2. Nc3 Nf6 3. Bf4 c6 4. e3 g6 5. h4 Bg7 6. Bd3 Nh5 7. Bh2 a6 8. g4 Nf6 9. g5 Nfd7 10. Nf3 f6 11. Qe2 Nb6 12. O-O-O Bg4 13. gxf6 exf6 14. Bf4 N8d7 15. h5 g5 16. Rdg1 Bxf3 17. Qxf3 Qe7 18. h6 Bf8 19. Bc7 Rc8 20. Bg3 Rg8 21. e4 Kd8 22. exd5 g4 23. Qf5 Qf7 24. d6 Nd5 25. Nxd5 cxd5 26. Bf4 Rc6 27. Qxh7 Qxh7 28. Bxh7 Rh8 29. Bf5 Bxd6 30. Bxd6 Rxd6 31. Rxg4 Nf8 32. Rg7 Rb6 33. h7 1-0

[Event "45th FIDE Olympiad 2024"]
[Site "Budapest"]
[Date "2024.09.19"]
[Round "8.24"]
[White "Urkedal, Frode Olav Olsen"]
[Black "Tran, Tuan Minh"]
[Result "1/2-1/2"]
[ECO "B90"]
[WhiteElo "2546"]
[BlackElo "2434"]
[Annotator "TA"]
[PlyCount "130"]
[EventDate "2024.09.05"]
[EventType "team-tourn"]
[EventCountry "HUN"]
[SourceTitle "playchess.com"]
[Source "ChessBase"]
[SourceQuality "1"]
[WhiteTeam "Norway"]
[BlackTeam "Vietnam"]
[WhiteTeamCountry "NOR"]
[BlackTeamCountry "VIE"]
[TimeControl "40/5400+30:1800+30"]

1. e4 c5 2. Nf3 d6 3. d4 cxd4 4. Nxd4 Nf6 5. Nc3 a6 6. Be3 e5 7. Nb3 Be7 8. f3 Be6 9. Qd2 O-O 10. O-O-O b5 11. g4 b4 12. Nd5 Bxd5 13. exd5 a5 $1 {[%emt 0:00:02] [#] Black is weak on the light squares} 14. Nc5 a4 (14... dxc5 15. d6 Ne8 16. dxe7 Qxe7 17. Qf2 $18) (14... Nbd7 15. Na4) 15. g5 Nfd7 16. Ne4 {[%emt 0:02:30] White is slightly better.} Qa5 17. h4 Na6 18. Bh3 Nac5 19. h5 (19. Kb1 {is interesting.} Rfb8 20. h5 b3 21. cxb3 axb3 22. a3) 19... Nxe4 20. fxe4 Nc5 21. Qg2 b3 22. cxb3 (22. a3 $1 $14) 22... a3 $11 (22... axb3 $6 23. a3 $16) 23. Bxc5 (23. g6 $1 $11) 23... axb2+ 24. Qxb2 {[%emt 0:00:07] [#] aiming for Be3.} Bxg5+ (24... Qxc5+ 25. Kb1 $11) 25. Kb1 Qxc5 26. Rd3 Rfb8 27. Rc3 Qa7 28. Qc2 Be3 29. Rc7 Qa5 30. Rf1 Bf4 {[%emt 0:00:19][%cal Ob8b3] Hoping for ...Rxb3+!} 31. Rc6 {[%emt 0:01:07] Active counter play!} Qb4 32. Rc4 Qb6 33. Rc6 Qd8 34. Rc7 Qh4 35. Bc8 (35. Rh1 $1 $11 {remains equal.}) 35... g6 ({Black should try} 35... Qxh5 $17 36. Bd7 Qh4) 36. hxg6 (36. Qc6 $5 Qd8 $8 37. Bb7 $16) 36... hxg6 37. Qc6 Qd8 {[%emt 0:00:29] Prevents Qe8+.} 38. Bb7 Ra7 39. Rh1 Kg7 40. Rd7 Qf6 41. Qb6 {[%emt 0:05:47] Against Be3} Raa8 42. Qg1 {[%emt 0:13:31] Some like it hot} ({Much worse is} 42. Rxd6 Qe7 43. Rg1 (43. Bxa8 $2 Rxb6 44. Rxb6 Qa7 $19) 43... Bg5 $17 (43... Qxb7 44. Rdxg6+ fxg6 45. Qxg6+ Kf8 46. Qg8+ Ke7 47. Qe6+ Kd8 48. Rg8+ Kc7 49. Rg7+ Kd8 50. Qg8#)) (42. Rf1 {simplifies} Rd8 43. Qxd6 Qxd6 44. Rxd6 Rxd6 45. Bxa8 g5 46. Rg1) 42... Rd8 43. Bxa8 Rxd7 44. Bc6 $132 {[%emt 0:00:22][%mdl 2048] White has counterplay} Rd8 45. Kc2 Rb8 46. a3 Bg5 47. Qf1 {[%emt 0:00:45] Prevents Qf3.} Qd8 48. b4 {[%emt 0:01:13] Against Qa5} Qb6 49. Qf3 Qd4 50. Kb3 {[%emt 0:00:07] Dodges Qc4+} Be3 51. Rd1 {[%emt 0:00:41] Repels Qd3+. The position is equal.} Qa7 52. Rf1 Bf4 53. Rh1 Qb6 54. Qe2 Qc5 55. Qf3 Qa7 56. Qe2 Be3 57. Re1 Bg5 58. Rh1 Rf8 59. Qf3 Rb8 60. Qe2 Qb6 61. Qf3 Bd2 {[%emt 0:01:51][%cal Rd2b4] ...Bxb4! is the strong threat.} 62. Rf1 Bf4 (62... f5 $5 63. exf5 Bxb4 $15) 63. Rh1 Qa7 64. Qe2 Qd4 65. Rd1 {[%emt 0:00:12] Wards off Bd2} Qb6 {[%emt 0:00:48] Weighted Error Value: White=0.10 (very precise) /Black=0.10 (very precise) .  Mistake:       	White=3     	Black=1      Inaccurate:     	White=3     	Black=6      OK:         	White=23    	Black=23     Best:        	White=1     	Black=2} 1/2-1/2

[Event "45th FIDE Olympiad 2024"]
[Site "Budapest"]
[Date "2024.09.19"]
[Round "8.24"]
[White "Pillay, Ragul"]
[Black "Joao, Farisse"]
[Result "0-1"]
[WhiteElo "1633"]
[BlackElo "1851"]
[PlyCount "54"]
[EventDate "2024.09.05"]
[EventType "team-tourn"]
[EventCountry "HUN"]
[WhiteTeam "Seychelles"]
[BlackTeam "Mozambique"]
[WhiteTeamCountry "SEY"]
[BlackTeamCountry "MOZ"]
[TimeControl "40/5400+30:1800+30"]

1. e4 e5 2. Nc3 Nf6 3. Nf3 d6 4. Bc4 Be7 5. h3 Nc6 6. O-O O-O 7. d3 Na5 8. Bb3 Nxb3 9. cxb3 c5 10. Be3 h6 11. Rc1 Be6 12. Qe2 Nh7 13. Nd2 f5 14. f4 Qd7 15. fxe5 dxe5 16. Nc4 Bxc4 17. bxc4 f4 18. Bd2 Ng5 19. Nd5 f3 20. Qf2 fxg2 21. Qxg2 Nxh3+ 22. Kh2 Nf4 23. Nxf4 exf4 24. Bxf4 Rxf4 25. Rxf4 Bd6 26. Qg3 Qc7 27. Rcf1 g5 {0-} 0-1

[Event "45th FIDE Olympiad 2024"]
[Site "Budapest"]
[Date "2024.09.19"]
[Round "8.25"]
[White "Mchedlishvili, Mikheil"]
[Black "Giri, Anish"]
[Result "0-1"]
[ECO "A09"]
[WhiteElo "2574"]
[BlackElo "2724"]
[Annotator "TA"]
[PlyCount "116"]
[EventDate "2024.09.05"]
[EventType "team-tourn"]
[EventCountry "HUN"]
[SourceTitle "playchess.com"]
[Source "ChessBase"]
[SourceQuality "1"]
[WhiteTeam "Georgia"]
[BlackTeam "Netherlands"]
[WhiteTeamCountry "GEO"]
[BlackTeamCountry "NED"]
[TimeControl "40/5400+30:1800+30"]

1. Nf3 d5 2. c4 d4 3. b4 c5 4. Bb2 Nf6 5. g3 Qc7 6. Bg2 {[%emt 0:03:04] A09: Réti Opening: 1 Nf3 d5 2 c4.} e5 7. O-O Nc6 8. b5 Ne7 9. d3 Ng6 10. e3 Be7 11. Re1 $146 ({Predecessor:} 11. Qe2 O-O 12. Nbd2 h6 13. a4 Bf5 14. a5 Rad8 15. Ra3 Rfe8 16. e4 Be6 17. Rb1 {½-½ Duda,J (2732)-Cheparinov,I (2663) FIDE World Cup 2023 (3.2)}) 11... O-O 12. a4 Bf5 13. a5 Rad8 14. e4 Bd7 15. Bc1 a6 16. b6 Qc8 17. Nbd2 h6 18. Kh1 Bh3 19. Ng1 Bxg2+ 20. Kxg2 Qe6 21. Rf1 Nd7 22. Qe2 Bg5 23. Nh3 Bxd2 24. Bxd2 f5 25. f3 ({White should play} 25. exf5 $1 $11 Rxf5 26. f3) 25... f4 $15 26. Be1 Nf6 27. Nf2 h5 (27... Nh7 $17 {aiming for ...Ng5.} 28. Nh3 Rd7) 28. Bd2 $15 Nh7 29. Rg1 Rf6 30. Raf1 Rdf8 31. g4 (31. Kh1 $15) 31... Nh4+ $19 32. Kh1 Rh6 33. Nh3 {[%emt 0:07:33] [#]} hxg4 $1 34. Rxg4 Nf6 35. Ng5 Qd7 36. Rgg1 g6 37. Be1 Kg7 38. Rf2 Rfh8 39. Qf1 Rh5 40. Rd2 Kf8 41. Ra2 Ke7 42. Rb2 Qc8 43. Re2 Qf8 44. Qh3 (44. Bxh4 {is a better defense.} Rxh4 45. Rgg2) 44... Nf5 $19 45. Qxh5 Ng3+ (45... Nxh5 46. exf5 Qxf5 47. Ne4) 46. Bxg3 Rxh5 ({But not} 46... gxh5 47. Bh4 $17) 47. Be1 Qc8 48. Ra2 Kf8 49. Rb2 Qd7 50. Ra2 Ke7 51. Rgg2 Kf8 52. Rg1 $1 Kg7 53. Rag2 $2 (53. Rgg2) 53... Ng8 $19 54. Rg4 Nh6 55. R4g2 Kf6 56. h4 $2 (56. Ra2) 56... Nf7 $19 57. Rh2 Nxg5 58. hxg5+ Kg7 (58... Rxg5 59. Bh4 Kf7 60. Bxg5 $18 (60. Rxg5 Qe6 $18)) 0-1

[Event "45th FIDE Olympiad 2024"]
[Site "Budapest"]
[Date "2024.09.19"]
[Round "8.25"]
[White "Gontcharov, Serguei"]
[Black "Wu, Li"]
[Result "0-1"]
[WhiteElo "1927"]
[BlackElo "2325"]
[PlyCount "102"]
[EventDate "2024.09.05"]
[EventType "team-tourn"]
[EventCountry "HUN"]
[WhiteTeam "Bermuda"]
[BlackTeam "Isle of Man"]
[WhiteTeamCountry "BER"]
[BlackTeamCountry "IOM"]
[TimeControl "40/5400+30:1800+30"]

1. e4 c5 2. Nf3 Nc6 3. d4 cxd4 4. Nxd4 Nf6 5. Nc3 e5 6. Ndb5 d6 7. Bg5 a6 8. Na3 b5 9. Nd5 Be7 10. Bxf6 Bxf6 11. c3 Rb8 12. Nc2 Bg5 13. a4 bxa4 14. Ncb4 Nxb4 15. cxb4 Bd7 16. Bxa6 O-O 17. O-O Qe8 18. Re1 Bd8 19. Qd2 Kh8 20. Rac1 f5 21. exf5 Rxf5 22. Bd3 Bg5 23. f4 Rxf4 24. Nxf4 Bxf4 25. Qxf4 exf4 26. Rxe8+ Bxe8 27. b5 g5 28. b6 Kg8 29. Rc7 Rxb6 30. Bxh7+ Kf8 31. Rc2 Bc6 32. Kf2 Kg7 33. Bf5 Kf6 34. Bg4 Be4 35. Rd2 d5 36. g3 Ke5 37. gxf4+ gxf4 38. Bd1 Rb4 39. h4 d4 40. Bf3 d3 41. h5 Rc4 42. Bd1 Kd4 43. b3 axb3 44. Bxb3 Rc5 45. Ra2 Rxh5 46. Ra4+ Kc3 47. Rxe4 Kxb3 48. Rxf4 d2 49. Ke2 Kc3 50. Rf1 Kc2 51. Ra1 Re5+ {0-} 0-1

[Event "45th FIDE Olympiad 2024"]
[Site "Budapest"]
[Date "2024.09.19"]
[Round "8.26"]
[White "Van Foreest, Jorden"]
[Black "Kacharava, Nikolozi"]
[Result "0-1"]
[ECO "D27"]
[WhiteElo "2696"]
[BlackElo "2511"]
[Annotator "TA"]
[PlyCount "60"]
[EventDate "2024.09.05"]
[EventType "team-tourn"]
[EventCountry "HUN"]
[SourceTitle "playchess.com"]
[Source "ChessBase"]
[SourceQuality "1"]
[WhiteTeam "Netherlands"]
[BlackTeam "Georgia"]
[WhiteTeamCountry "NED"]
[BlackTeamCountry "GEO"]
[TimeControl "40/5400+30:1800+30"]

1. d4 d5 2. c4 dxc4 3. Nf3 Nf6 4. e3 e6 5. Bxc4 c5 6. O-O a6 7. Re1 Nc6 8. Nc3 Be7 9. Bd3 {[%emt 0:00:10] The position is equal.} O-O 10. dxc5 Bxc5 11. a3 b6 12. b4 Be7 13. Bb2 Bb7 14. Qe2 b5 15. e4 Nh5 16. g3 {[%emt 0:01:48] Repels Nf4} g6 17. Qe3 f6 ({Black should play} 17... Qb8 $14) 18. Bc2 Bd6 19. Bb3 Qe7 20. Ne2 Ng7 21. e5 $2 {[%emt 0:09:24] [#]} ({Better is} 21. Nf4 $16) 21... fxe5 {[%emt 0:03:27] White must now prevent ...Bb8.} (21... Nxe5 {with more complications.} 22. Bxe5 fxe5 23. Nxe5 Rf5) 22. Nxe5 $2 {[%emt 0:00:11][%mdl 8192] Now White is beyond hope.} ({White should try} 22. Rad1 $15) 22... Nxe5 $19 23. Bxe5 Rf3 {[%emt 0:00:53] Black is clearly winning.} 24. Qd4 Bxe5 25. Qxe5 Rxb3 26. Nd4 Rd3 27. Rac1 {[%emt 0:00:03] [#] Rc7 is the strong threat.} Rd8 (27... Rxa3 $2 {loses.} 28. Rc7 $18 (28. Nxe6 $2 {perishes.} Nxe6 29. Qxe6+ Qxe6 $19) (28. Nxe6 $2 Nxe6 29. Qxe6+ Qxe6 $19)) 28. Nc6 Bxc6 29. Rxc6 R3d6 30. Qc5 Qf8 {[%emt 0:01:36] Weighted Error Value: White=0.45/Black=0.09 (flawless) .  Loses game:     	White=1     	---        Mistake:       	White=1     	Black=1      Inaccurate:     	White=1     	Black=1      OK:         	White=7     	Black=10     Best:        	---       	Black=2} 0-1

[Event "45th FIDE Olympiad 2024"]
[Site "Budapest"]
[Date "2024.09.19"]
[Round "8.26"]
[White "Fabri, Henrik"]
[Black "Dacres, Don"]
[Result "0-1"]
[WhiteElo "1936"]
[BlackElo "1863"]
[PlyCount "186"]
[EventDate "2024.09.05"]
[EventType "team-tourn"]
[EventCountry "HUN"]
[WhiteTeam "Isle of Man"]
[BlackTeam "Bermuda"]
[WhiteTeamCountry "IOM"]
[BlackTeamCountry "BER"]
[TimeControl "40/5400+30:1800+30"]

1. d4 d5 2. Nf3 Nf6 3. c4 c6 4. Nc3 Bf5 5. Qb3 Qb6 6. e3 e6 7. Be2 Qxb3 8. axb3 Bc2 9. Bd1 Bxd1 10. Kxd1 Nbd7 11. c5 Be7 12. b4 O-O 13. h3 Ne4 14. Nxe4 dxe4 15. Nd2 f5 16. Nc4 Rfc8 17. Bd2 g6 18. Ke2 a6 19. Bc3 Rf8 20. g3 Rab8 21. Raf1 Rbd8 22. Na5 Rb8 23. Ra1 Bd8 24. Nc4 Bc7 25. Rhg1 Nf6 26. Nd2 Rbe8 27. Rad1 Rf7 28. Rdf1 Rd8 29. Nc4 Rd5 30. Rd1 Rfd7 31. Rd2 Kf7 32. Rgd1 g5 33. Rg1 Rd8 34. Rgd1 Kg6 35. Na5 Bxa5 36. bxa5 h5 37. Rg1 Rf8 38. Rdd1 g4 39. Rh1 Rf7 40. h4 Rfd7 41. Rd2 Ng8 42. Rhd1 Kf7 43. b4 Ne7 44. Bb2 Nc8 45. Ke1 Ne7 46. Ke2 Ng6 47. Bc3 Nf8 48. Bb2 Ng6 49. Bc3 Ke7 50. Ke1 Rd8 51. Ke2 e5 52. dxe5 Rxd2+ 53. Rxd2 Rxd2+ 54. Kxd2 Ke6 55. Kc2 Kd5 56. Kb3 Nf8 57. Bd4 Ng6 58. Kc3 Nf8 59. Kb3 Ne6 60. Bc3 Nc7 61. Bb2 Ne6 62. Bc3 Nf8 63. Bd4 Ng6 64. Kc3 Ne7 65. Kb3 Nc8 66. Bc3 Na7 67. Ba1 Nb5 68. Bb2 Nc7 69. Bd4 Ne6 70. Bc3 Nf8 71. Bd4 Ng6 72. Kc3 Ne7 73. Kb3 f4 74. gxf4 Nf5 75. Kc3 Nxh4 76. Kd2 Nf3+ 77. Ke2 h4 78. Kf1 Ke6 79. Bc3 h3 80. Bb2 Nd2+ 81. Kg1 Kf5 82. Bc3 Nf3+ 83. Kh1 Ke6 84. Bb2 Nh4 85. Bc3 Nf5 86. Bd2 Kd5 87. Bc1 Kc4 88. Bb2 Kb3 89. Bd4 Kc4 90. Ba1 Kd3 91. e6 Ke2 92. e7 Nxe7 93. f5 Nxf5 {0-} 0-1